 Dungeon Crawl Stone Soup version 0.19.0-11-g3fc08b3 (webtiles) character file.

20539 RKaid the Eclecticist (level 12, -9/68 HPs)
             Began as a Deep Elf Conjurer on Nov 9, 2016.
             Was a High Priest of Vehumet.
             Mangled by a black mamba (11 damage)
             ... on level 4 of the Lair of Beasts.
             The game lasted 01:10:52 (17368 turns).

RKaid the Eclecticist (Deep Elf Conjurer)          Turns: 17368, Time: 01:10:53

Health: -9/68      AC:  8    Str:  5    XL:     12   Next: 46%
Magic:  18/33      EV: 20    Int: 28    God:    Vehumet [*****.]
Gold:   766        SH:  0    Dex: 20    Spells: 8 memorised, 8 levels left

rFire  . . .     SeeInvis .     a - +5 dagger of the Tomato {pierce, rC+ Dex+3}
rCold  + . .     Gourm    .     M - +0 robe
rNeg   . . .     Faith    .     (no shield)
rPois  .         Spirit   .     G - +0 helmet
rElec  .         Reflect  .     P - +0 cloak
rCorr  .         Harm     .     r - +0 pair of gloves
MR     +....                    y - +0 pair of boots
Stlth  +++.......               A - amulet of magic regeneration
                                L - ring of flight {+Fly, !d}
                                s - ring of stealth {Stlth+}

@: lethally poisoned (-9 -> -18), about to teleport
A: fangs 1, repulsion field 1, icy blue scales 1, agile 1, blurry vision 1,
clever 1, sense surroundings 1
a: Renounce Religion, Evoke Flight


You were on level 4 of the Lair of Beasts.
You worshipped Vehumet.
Vehumet was extremely pleased with you.
You were not hungry.

You visited 3 branches of the dungeon, and saw 17 of its levels.
You also visited: Ossuary.

You collected 766 gold pieces.

Inventory:

Hand Weapons
 a - the +5 dagger of the Tomato (weapon) {pierce, rC+ Dex+3}
   (You took it off an orc on level 10 of the Dungeon)

   It inflicts extra damage upon your enemies.
   It affects your dexterity (+3).
   It protects you from cold.
 x - the +6 shillelagh "Devastator" {shatter}
   (You found it on level 3 of the Lair of Beasts)
 T - the +3 shortbow "Cissiado" {velocity, rC+ MR+ Dex+2, unknown}
   (You found it on level 4 of the Lair of Beasts)

   Any arrow fired from it inflicts extra damage.
   It affects your dexterity (+2).
   It protects you from cold.
   It affects your resistance to hostile enchantments.
Missiles
 I - 2 throwing nets {=f, !d}
Armour
 r - a +0 pair of gloves (worn)
   (You found it on level 4 of the Dungeon)
 y - a +0 pair of boots (worn)
   (You found it on level 2 of the Lair of Beasts)
 G - a +0 helmet (worn)
   (You found it on level 7 of the Dungeon)
 M - a +0 robe (worn)
   (You took it off an orc wizard on level 8 of the Dungeon)
 P - a +0 cloak (worn)
   (You found it on level 9 of the Dungeon)
Magical Staves
 z - an uncursed staff of cold {rC+}
   (You found it on level 7 of the Dungeon)
 H - an uncursed staff of air {rElec}
   (You found it on level 7 of the Dungeon)
Jewellery
 b - an uncursed ring of fire {rF+, rC-}
   (You found it on level 2 of the Lair of Beasts)
 g - an uncursed ring of ice {rC+, rF-}
   (You found it on level 8 of the Dungeon)
 s - a ring of stealth (left hand) {Stlth+}
   (You found it on level 4 of the Dungeon)
 u - an uncursed amulet of rage {+Rage, !d}
   (You found it on level 5 of the Dungeon)
 A - an amulet of magic regeneration (around neck)
   (You found it on level 6 of the Dungeon)
 L - a ring of flight (right hand) {+Fly, !d}
   (You found it on level 3 of the Lair of Beasts)
 U - an uncursed amulet of regeneration {+regen, !d}
   (You found it on level 11 of the Dungeon)
Wands
 D - a wand of iceblast (8/15)
   (You found it in an ossuary)
 O - a wand of iceblast (6/15)
   (You took it off an orc warrior on level 10 of the Dungeon)
 R - a wand of digging (16/24)
   (You found it on level 3 of the Lair of Beasts)
Scrolls
 d - 4 scrolls of enchant weapon
 f - 3 scrolls of enchant armour
 j - 5 scrolls of remove curse
 k - 5 scrolls of blinking {!r}
 o - 2 scrolls of immolation {!r}
 p - 3 scrolls of teleportation
 v - a scroll of identify
 B - 3 scrolls of fog
 N - 3 scrolls of magic mapping {!r}
Potions
 e - a potion of brilliance
 h - 10 potions of curing
 i - a potion of haste
 l - a potion of cure mutation {unknown}
 t - a potion of agility
 w - 5 potions of might
 C - 2 potions of flight
 E - a potion of berserk rage {!q}
 F - a potion of heal wounds {unknown}
 J - a potion of cancellation
 K - 3 potions of resistance
 S - 2 potions of ambrosia
Books
 q - a book of Power
   (You found it on level 2 of the Lair of Beasts)
Comestibles
 c - 9 bread rations
 m - 3 royal jellies
 n - 6 meat rations
 Q - 7 fruits
 V - 4 chunks of flesh


   Skills:
 + Level 5.1 Fighting
 + Level 7.9 Dodging
 - Level 2.4 Stealth
 - Level 15.2 Spellcasting
 - Level 13.4 Conjurations
 - Level 10.3 Charms
 - Level 2.4 Necromancy
 - Level 3.2 Fire Magic


You had 8 spell levels left.
You knew the following spells:

 Your Spells              Type           Power        Failure   Level  Hunger
a - Magic Dart            Conj           ####         0%          1    None
b - Searing Ray           Conj           ######       0%          2    None
c - Iskenderun's Mystic   Conj           #######.     1%          4    None
d - Bolt of Magma         Conj/Fire/Erth ######....   2%          5    None
e - Orb of Destruction    Conj           #######...   2%          7    #####..
f - Iron Shot             Conj/Erth      ######....   7%          6    ####...
A - Iskenderun's Battles  Conj/Chrm      ######..     1%          5    None
B - Regeneration          Chrm/Necr      ######....   1%          3    None


Dungeon Overview and Level Annotations

Branches:
Dungeon (12/15)            Temple (1/1) D:6            Lair (4/6) D:11
 Shoals (0/4) Lair:4        Snake (0/4) Lair:2          Orc (0/2) D:9

Altars:
Ashenzari
Cheibriados
Dithmenos
Elyvilon
Fedhas
Gozag
Hepliaklqana
Kikubaaqudgha
Makhleb
Nemelex Xobeh
Okawaru
Qazlal
Ru
Sif Muna
Trog
Uskayaw
Vehumet
Xom
Yredelemnul
Zin
The Shining One

Shops:
D:8 }   D:9 }

Annotations:
D:5 exclusion: Eustachio, Eustachio
D:8 exclusion: Gastronok, Gastronok
D:9 exclusion: Erica, Erica


Innate Abilities, Weirdness & Mutations

You have very sharp teeth.
You are surrounded by a mild repulsion field. (EV +2)
You are partially covered in icy blue scales. (AC +2)
You are agile. (Dex +2)
Scrolls take you a little longer to read.
Your mind is acute. (Int +2)
You passively map a small area around you.


Message History

The magic dart hits the blink frog.
Your battlesphere fires!
The barrage of energy hits the blink frog.
You kill the blink frog!
Vehumet accepts your kill. The blink frog misses you.
A black mamba comes into view.
Casting: Magic Dart
Confirm with . or Enter, or press ? or * to list all spells.
Aiming: Magic Dart
Press: ? - help, Shift-Dir - straight line, f - blink frog
Aim: a blink frog The magic dart hits the blink frog.
Your battlesphere fires!
The barrage of energy hits the blink frog.
The blink frog closely misses you. The bullfrog misses you.
Casting: Magic Dart
Confirm with . or Enter, or press ? or * to list all spells.
Aiming: Magic Dart
Press: ? - help, Shift-Dir - straight line, f/p - blink frog
Aim: a blink frog (heavily wounded)
The magic dart hits the blink frog.
Your battlesphere fires!
The barrage of energy hits the blink frog.
You kill the blink frog!
Vehumet accepts your kill.
The bullfrog hits you but does no damage.
The bullfrog misses you.
A komodo dragon and a hydra come into view.
Casting: Magic Dart
Confirm with . or Enter, or press ? or * to list all spells.
Aiming: Magic Dart
Press: ? - help, Shift-Dir - straight line, f - bullfrog
Aim: a bullfrog The magic dart hits the bullfrog.
Your battlesphere fires!
The barrage of energy hits the bullfrog.
The bullfrog misses you.
Casting: Magic Dart
Confirm with . or Enter, or press ? or * to list all spells.
Aiming: Magic Dart
Press: ? - help, Shift-Dir - straight line, f/p - bullfrog
Aim: a bullfrog (heavily wounded)
The magic dart hits the bullfrog.
The bullfrog completely misses you.
Your battlesphere fires!
The barrage of energy hits the bullfrog.
You kill the bullfrog!
Vehumet accepts your kill.
You feel your power returning. The blink frog hits you.
A hydra and a spiny frog come into view.
Really read with blurry vision while enemies are nearby? [Y]es or [N]o only, please.
Really read with blurry vision while enemies are nearby?
The blink frog hits you but does no damage.
You begin reading the scroll.
You continue reading the scroll.
The black mamba bites you but does no damage.
The blink frog blinks!
The black mamba misses you.
As you read the scroll of teleportation, it crumbles to dust.
You feel strangely unstable. The black mamba bites you.
You see here a scroll of identify.
Casting: Magic Dart
Confirm with . or Enter, or press ? or * to list all spells.
Aiming: Iskenderun's Mystic Blast
Press: ? - help, Shift-Dir - straight line, f - black mamba
Aim: a black mamba The orb of energy hits the black mamba.
The orb of energy explodes!
The mystic blast hits the komodo dragon.
Your battlesphere fires!
The barrage of energy hits the black mamba.
The black mamba bites you!
The five-headed hydra bites your battlesphere.
The five-headed hydra bites your battlesphere! x2
Your battlesphere is destroyed!
The komodo dragon misses you. The black mamba bites you.
You are poisoned.
The black mamba poisons you!
Casting: Iskenderun's Mystic Blast
Confirm with . or Enter, or press ? or * to list all spells.
Aiming: Iskenderun's Mystic Blast
Press: ? - help, Shift-Dir - straight line, f - komodo dragon, p - black mamba
Aim: a komodo dragon (moderately wounded)
The orb of energy hits the komodo dragon.
The orb of energy explodes!
The mystic blast hits the blink frog.
The mystic blast hits the black mamba.
You feel sick. The black mamba misses you. The komodo dragon bites you!!
* * * LOW HITPOINT WARNING * * *
Really read
k - 5 scrolls of blinking {!r}?
Really read with blurry vision while enemies are nearby?
The black mamba barely misses you. The five-headed hydra bites you!
* * * LOW HITPOINT WARNING * * *
The five-headed hydra misses you.
The five-headed hydra bites you but does no damage.
The five-headed hydra barely misses you.
The five-headed hydra completely misses you.
The komodo dragon barely misses you.
You begin reading the scroll.
You continue reading the scroll.
* * * LOW HITPOINT WARNING * * *
You feel sick. The black mamba closely misses you. The black mamba bites you!
You die...

* , * , #..%# ,# , .##
##.. #...#*.# ,
...P#P.., ....##.#. *
....#..#, *......... * *
#..#.P#########........
,
##.....P#P##P.PP...P.PP#
,
#...........P...D..P....
...#...#........@..P..#
* * ,
...#..........FlS#..#♣#
* #.....♣.♣......FD..♣#
..P...♣♣♣♣♣........♣
....♣♣♣ ♣P..........♣ *
...♣♣ P....≈≈≈≈...♣ ...♣
♣....≈≈≈≈≈≈...♣ ..♣♣
....≈≈≈≈≈≈≈...P♣ ...♣*
...≈≈≈≈≈≈≈≈...♣


You could see 2 five-headed hydras, a komodo dragon, a black mamba, a spiny frog
and a blink frog.

Vanquished Creatures
  The ghost of Bluestream the Eclecticist, a journeyman DECj of Vehumet (D:10)
  2 hill giants (D:11)
  The ghost of Jerry the Protected, a novice GrFi of Okawaru (D:6)
  The ghost of RKaid the Thaumaturge, a novice DECj of Vehumet (D:7)
  A manticore (D:11)
  2 ugly things (D:11)
  A cyclops (D:11)
  A black mamba (Lair:2)
  A gargoyle (D:11)
  4 spiny frogs
  A komodo dragon (Lair:2)
  A troll (D:9)
  A polar bear (Lair:2)
  A hornet (D:9)
  2 blink frogs (Lair:4)
  3 hippogriffs
  A slime creature (D:11)
  3 wraiths
  A basilisk (Lair:4)
  15 yaks
  2 hungry ghosts
  2 wargs (D:11)
  3 water moccasins
  A naga (Lair:2)
  6 porcupines
  6 orc warriors
  3 ice beasts
  2 eyes of draining
  5 sky beasts
  A black bear (D:10)
  A phantom (D:5)
  11 wolves
  10 centaurs
  8 ogres
  2 crocodiles (Lair:1)
  A big kobold (D:7)
  Blork the orc (D:5)
  13 bullfrogs
  4 scorpions
  12 killer bees (D:11)
  10 wights
  3 howler monkeys (D:10)
  An electric eel (Lair:1)
  7 crimson imps
  A bullfrog zombie (D:11)
  2 centaur zombies
  4 jellies
  10 orc wizards
  A centaur skeleton (D:10)
  12 orc priests
  5 hounds
  A bullfrog skeleton (D:11)
  3 iguanas
  12 worker ants
  A hound skeleton (D:8)
  A worker ant zombie (D:10)
  8 gnolls
  12 adders
  3 shadow imps
  An ooze (D:3)
  3 adder zombies
  2 adder skeletons
  A worm (D:2)
  A dart slug (D:1)
  5 leopard geckos
  30 orcs
  A ball python (D:3)
  12 giant cockroaches
  11 hobgoblins
  16 jackals
  10 kobolds
  7 quokkas
  2 ball python skeletons (Ossuary)
  16 bats
  4 frilled lizards
  9 goblins
  A hobgoblin skeleton (Ossuary)
  A hobgoblin zombie (Ossuary)
  2 orc skeletons (Ossuary)
  2 orc zombies (Ossuary)
  2 quokka skeletons
  6 rats
380 creatures vanquished.

Vanquished Creatures (others)
  A fungus (Lair:4)
1 creature vanquished.

Grand Total: 381 creatures vanquished

Notes
Turn   | Place    | Note
-------+----------+-------------------------------------------
     0 | D:1      | RKaid the Deep Elf Conjurer began the quest for the Orb.
     0 | D:1      | Reached XP level 1. HP: 10/10 MP: 6/6
   232 | D:1      | Reached XP level 2. HP: 15/15 MP: 5/8
   400 | D:1      | Reached skill level 4 in Spellcasting
   660 | D:1      | Reached XP level 3. HP: 19/19 MP: 5/10
   801 | D:1      | Learned a level 2 spell: Searing Ray
   924 | D:2      | Reached skill level 5 in Conjurations
   942 | D:2      | Found an opulent altar of Gozag.
  1340 | D:2      | Reached skill level 5 in Spellcasting
  1340 | D:2      | Reached XP level 4. HP: 24/24 MP: 9/13
  2211 | D:3      | Found a glowing silver altar of Zin.
  2760 | D:4      | Reached skill level 6 in Spellcasting
  2760 | D:4      | Reached XP level 5. HP: 19/28 MP: 8/15
  2764 | D:4      | HP: 5/28 [orc wizard/dagger (6)]
  3026 | D:4      | Reached skill level 6 in Conjurations
  3182 | D:4      | Noticed an ogre
  3198 | D:4      | Learned a level 4 spell: Iskenderun's Mystic Blast
  3204 | D:4      | Learned a level 5 spell: Iskenderun's Battlesphere
  3253 | D:4      | Killed an ogre
  3253 | D:4      | Reached skill level 1 in Charms
  3253 | D:4      | Reached XP level 6. HP: 32/32 MP: 7/17
  3372 | D:4      | Found a stormy altar of Qazlal.
  3418 | D:4      | Reached skill level 2 in Charms
  3703 | D:5      | Entered Level 5 of the Dungeon
  3828 | D:5      | Reached skill level 7 in Spellcasting
  3828 | D:5      | Reached skill level 3 in Charms
  4014 | D:5      | Reached skill level 4 in Charms
  4014 | D:5      | Reached XP level 7. HP: 28/36 MP: 0/19
  4147 | D:5      | Learned a level 3 spell: Regeneration
  4172 | D:5      | Reached skill level 7 in Conjurations
  4363 | D:5      | Reached skill level 1 in Necromancy
  4395 | D:5      | Noticed Blork the orc
  4406 | D:5      | Killed Blork the orc
  4550 | D:5      | Noticed Eustachio
  4805 | D:5      | Reached skill level 2 in Necromancy
  5092 | D:5      | Got a brightly glowing hand axe {drain}
  5168 | D:5      | Identified the +7 hand axe of Diroolent {drain, Stlth+} (You took it off a crimson imp on level 5 of the Dungeon)
  5352 | D:5      | Reached skill level 5 in Charms
  5541 | D:6      | Reached skill level 8 in Spellcasting
  5664 | D:6      | Reached XP level 8. HP: 41/41 MP: 15/22
  5969 | D:6      | Noticed Jerry's ghost (novice GrFi)
  6344 | D:6      | Reached skill level 6 in Charms
  6431 | D:6      | Found a staircase to the Ecumenical Temple.
  6440 | Temple   | Entered the Ecumenical Temple
  6496 | Temple   | Became a worshipper of Vehumet
  6607 | D:6      | Killed Jerry's ghost
  6607 | D:6      | Reached skill level 9 in Spellcasting
  6607 | D:6      | Reached skill level 8 in Conjurations
  6607 | D:6      | Reached skill level 7 in Charms
  7010 | D:7      | Found a sand-covered staircase.
  7037 | Ossuary  | Entered an ossuary
  7161 | Ossuary  | Noticed a flying skull
  7170 | Ossuary  | Noticed a flying skull
  7277 | Ossuary  | Noticed a flying skull
  7279 | Ossuary  | Noticed a flying skull
  7314 | Ossuary  | Reached skill level 8 in Charms
  7314 | Ossuary  | Reached XP level 9. HP: 24/45 MP: 0/24
  7580 | Ossuary  | Reached skill level 10 in Spellcasting
  7580 | Ossuary  | Reached skill level 9 in Conjurations
  8088 | D:7      | Reached * piety under Vehumet
  8088 | D:7      | Offered knowledge of Freeze by Vehumet.
  8215 | D:7      | Reached skill level 9 in Charms
  8229 | D:7      | Gained mutation: You are weak. (Str -2) [mutagenic meat]
  8230 | D:7      | Gained mutation: You passively map a small area around you. [mutagenic meat]
  8231 | D:7      | Gained mutation: Scrolls take you a little longer to read. [mutagenic meat]
  8314 | D:7      | HP: 7/45 [centaur/arrow (13)]
  8588 | D:7      | Noticed RKaid's ghost (novice DECj)
  8953 | D:7      | Killed RKaid's ghost
  8953 | D:7      | Reached skill level 11 in Spellcasting
  8953 | D:7      | Reached skill level 10 in Conjurations
  8953 | D:7      | Reached skill level 10 in Charms
  9357 | D:8      | Reached XP level 10. HP: 44/50 MP: 1/27
  9535 | D:8      | Found a shimmering altar of Xom.
  9544 | D:8      | Found a stormy altar of Qazlal.
  9544 | D:8      | Found a glowing silver altar of Zin.
  9546 | D:8      | Found a stormy altar of Qazlal.
  9546 | D:8      | Found a white marble altar of Elyvilon.
  9546 | D:8      | Found an iron altar of Okawaru.
  9737 | D:8      | Found a burning altar of Makhleb.
  9738 | D:8      | Found a glowing golden altar of the Shining One.
  9811 | D:8      | Offered knowledge of Throw Frost by Vehumet.
  9957 | D:8      | Reached ** piety under Vehumet
  9967 | D:8      | Noticed Gastronok
 10003 | D:8      | Found Rocevitt's Quality Used Wands.
 10011 | D:8      | Kwzr: :D
 10011 | D:8      | Kwzr: nice shop
 10011 | D:8      | Kwzr: 0/xx
 10011 | D:8      | Kwzr: cheap shit :D
 10019 | D:8      | Reached skill level 12 in Spellcasting
 10407 | D:9      | Found Yczegun's Gadget Shop.
 10419 | D:9      | Found a deep blue altar of Sif Muna.
 10443 | D:9      | Noticed Erica
 10477 | D:9      | Found a staircase to the Orcish Mines.
 10506 | D:9      | Reached skill level 11 in Conjurations
 10607 | D:9      | You fall through a shaft!
 10607 | D:10     | Entered Level 10 of the Dungeon
 10629 | D:10     | Gained mutation: You have a pair of small horns on your head. [mutagenic meat]
 10630 | D:10     | Gained mutation: You are agile. (Dex +2) [mutagenic meat]
 10631 | D:10     | Gained mutation: Your mind is acute. (Int +2) [mutagenic meat]
 10632 | D:10     | Gained mutation: You are partially covered in icy blue scales. (AC +2) [mutagenic meat]
 10633 | D:10     | Gained mutation: You have very sharp teeth. [mutagenic meat]
 10634 | D:10     | Lost mutation: You are weak. (Str -2) [mutagenic meat]
 10899 | D:10     | Found a shattered altar of Ashenzari.
 11177 | D:10     | Offered knowledge of Static Discharge by Vehumet.
 11378 | D:9      | Reached skill level 13 in Spellcasting
 11387 | D:9      | Lost mutation: You have a pair of small horns on your head. [mutagenic meat]
 11440 | D:9      | Reached *** piety under Vehumet
 12017 | D:10     | Offered knowledge of Inner Flame by Vehumet.
 12017 | D:10     | Reached skill level 12 in Conjurations
 12153 | D:10     | Gained mutation: You are surrounded by a mild repulsion field. (EV +2) [potion of beneficial mutation]
 12234 | D:10     | Got a steaming dagger {pierce}
 12235 | D:10     | Identified the +5 dagger of the Tomato {pierce, rC+ Dex+3} (You took it off an orc on level 10 of the Dungeon)
 12336 | D:10     | Noticed Bluestream's ghost (journeyman DECj)
 12341 | D:10     | Killed Bluestream's ghost
 12341 | D:10     | Reached XP level 11. HP: 54/54 MP: 20/30
 12525 | D:11     | Noticed a cyan ugly thing
 12531 | D:11     | Killed a cyan ugly thing
 12531 | D:11     | Reached skill level 14 in Spellcasting
 12672 | D:11     | Noticed a hill giant
 12818 | D:11     | Killed a hill giant
 12828 | D:11     | Got a thick robe
 12856 | D:11     | Identified the +5 robe of the Lotus Blossom {-Cast rF++ rCorr Stlth+} (You found it on level 11 of the Dungeon)
 13170 | D:11     | Noticed a hill giant
 13200 | D:11     | Killed a hill giant
 13308 | D:11     | Noticed a green ugly thing
 13313 | D:11     | Killed a green ugly thing
 13313 | D:11     | Reached **** piety under Vehumet
 13313 | D:11     | Reached skill level 13 in Conjurations
 13365 | D:11     | Offered knowledge of Bolt of Magma by Vehumet.
 13385 | D:11     | Learned a level 5 spell: Bolt of Magma
 13443 | D:11     | HP: 11/54 [manticore/volley of spikes (14)]
 13596 | D:11     | Reached skill level 1 in Fire Magic
 13690 | D:11     | Found a staircase to the Lair.
 13769 | D:11     | Reached skill level 15 in Spellcasting
 13813 | D:11     | Reached skill level 2 in Fire Magic
 14050 | D:11     | Reached skill level 3 in Fire Magic
 14164 | D:11     | Reached ***** piety under Vehumet
 14164 | D:11     | Offered knowledge of Olgreb's Toxic Radiance by Vehumet.
 14249 | Lair:1   | Entered Level 1 of the Lair of Beasts
 14525 | Lair:1   | Reached skill level 1 in Fighting
 14525 | Lair:1   | Reached skill level 3 in Dodging
 14985 | Lair:1   | Reached skill level 2 in Fighting
 15108 | Lair:1   | Reached skill level 4 in Dodging
 15434 | Lair:2   | Found a staircase to the Snake Pit.
 15588 | Lair:2   | Learned a level 7 spell: Orb of Destruction
 15595 | Lair:2   | Learned a level 6 spell: Iron Shot
 15635 | Lair:2   | Reached skill level 5 in Dodging
 15635 | Lair:2   | Reached XP level 12. HP: 64/64 MP: 28/33
 15864 | Lair:2   | Reached skill level 3 in Fighting
 16138 | Lair:2   | Reached skill level 6 in Dodging
 16353 | Lair:3   | Reached skill level 4 in Fighting
 16523 | Lair:3   | Reached skill level 7 in Dodging
 17234 | Lair:4   | Found a staircase to the Shoals.
 17284 | Lair:4   | Got a translucent shortbow
 17306 | Lair:4   | Reached skill level 5 in Fighting
 17360 | Lair:4   | Noticed a five-headed hydra
 17362 | Lair:4   | Noticed a five-headed hydra
 17367 | Lair:4   | HP: 3/68 [five-headed hydra (15)]
 17368 | Lair:4   | Mangled by a black mamba

Skill      XL: |  1  2  3  4  5  6  7  8  9 10 11 12 |
---------------+-------------------------------------+-----
Spellcasting   | 4 5 6 7 8 9 11 13 15 | 15.2
Conjurations   | 5 6 7 8 10 12 13 | 13.4
Charms         | 1 4 5 8 10 | 10.3
Necromancy     | 2 |  2.4
Fire Magic     | 3 |  3.2
Fighting       | 2 5 |  5.1
Dodging        | 5 7 |  7.9
Stealth        | |  2.4

Action                   |  1- 3 |  4- 6 |  7- 9 | 10-12 || total
-------------------------+-------+-------+-------+-------++-------
Melee: Dagger            |       |     2 |       |     7 ||     9
       Hand axe          |       |       |     4 |    14 ||    18
       Headbutt          |       |       |       |     1 ||     1
       Bite              |       |       |       |     1 ||     1
 Cast: Magic Dart        |    85 |   148 |   267 |   401 ||   901
       Searing Ray       |       |     4 |       |     1 ||     5
       Iskenderun's Myst |       |     3 |    43 |    59 ||   105
       Iskenderun's Batt |       |       |     9 |    60 ||    69
       Regeneration      |       |       |     2 |     3 ||     5
       Bolt of Magma     |       |       |       |    30 ||    30
  Use: Scroll            |       |    14 |     9 |    12 ||    35
       Potion            |       |     1 |       |     1 ||     2
 Stab: Sleeping          |       |       |       |     2 ||     2
  Eat: Chunk             |     1 |     8 |    11 |    23 ||    43
       Pizza             |       |       |     4 |     2 ||     6
       Fruit             |       |       |     2 |     1 ||     3
       Beef jerky        |       |       |     3 |     5 ||     8
       Royal jelly       |       |       |     1 |       ||     1
Armor: Robe              |     1 |     3 |     5 |    29 ||    38
Dodge: Dodged            |    10 |    16 |    49 |   109 ||   184

Vault maps used:
D:1:      minmay_arrival_nine_rooms, minmay_misc_feat_iff,
          minmay_misc_feat_rows, dk_noncrumbling_4
D:2:      minmay_roachtagon, nicolae_gozag_cash_rules_everything_around_me
D:3:      zin_statuary, first_bread
D:4:      marbit_many_paths, lemuel_flame_loot_1
D:5:      uniq_eustachio, uniq_blork_the_orc
D:7:      enter_ossuary_1, minmay_misc_feat_more_columns, grunt_ogre_cave
D:8:      minitemple, doesnt_xom_only_xom, minmay_holes, roderic_batcave,
          nicolae_for_you_no_charge, uniq_gastronok
D:9:      lemuel_crystal_altar, orc_0_dummy, serial_shops,
          nicolae_shop_temple_entry_statues_fountains, uniq_erica
D:10:     ashenzari_altar_1
D:11:     erik_lair_orcish_takeover, minmay_misc_feat_diagonals
D:12:     enter_trove_6, lemuel_oklob_altar
Temple:   eino_wide_crystal_templ
Lair:1:   infiniplex_staircase_pool, lemuel_fruit_fields
Lair:2:   guppyfry_snake_entry_island
Lair:3:   grunt_megastairs_4, lemuel_fruit_fields
Lair:4:   gammafunk_lair_enchanted_lake, elwin_shoals_entry_rocks, special_room,
          serial_bayou_lake_a, uniq_kirke
Ossuary:  ossuary_due_cavern

Table legend:
 A = Turns spent in this place as a percentage of turns spent in the entire game.
 B = Non-inter-level travel turns spent in this place as a percentage of non-inter-level travel turns spent in the entire game.
 C = Inter-level travel turns spent in this place as a percentage of turns spent in this place.
 D = Turns resting spent in this place as a percentage of non-inter-level travel turns spent in this place.
 E = Turns spent auto-exploring this place as a percentage of non-inter-level travel turns spent in this place.
 F = Non-inter-level travel turns spent in this place divided by the number of levels of this place that you've seen.
                   A       B       C       D       E      F
               +-------+-------+-------+-------+-------+----------------------
         Total | 100.0 | 100.0 |   0.6 |   6.8 |   8.7 | 222.9
       Dungeon |  77.9 |  77.9 |   0.7 |   7.0 |   9.2 | 260.4
        Temple |   0.6 |   0.5 |   4.3 |   0.0 |  59.1 |  22.0
          Lair |  16.0 |  16.1 |   0.6 |   5.9 |   7.3 | 161.0
       Ossuary |   5.5 |   5.5 |   0.0 |   7.2 |   0.5 | 221.0
               +-------+-------+-------+-------+-------+----------------------

Table legend:
 A = Kills in this place as a percentage of kills in entire the game.
 B = Kills by you in this place as a percentage of kills by you in the entire game.
 C = Kills by friends in this place as a percentage of kills by friends in the entire game.
 D = Other kills in this place as a percentage of other kills in the entire game.
 E = Experience gained in this place as a percentage of experience gained in the entire game.
 F = Experience gained in this place divided by the number of levels of this place that you have seen.
                   A       B       C       D       E      F
               +-------+-------+-------+-------+-------+----------------------
         Total | 100.0 | 100.0 |  -nan |  -nan | 100.0 | 1630.1
       Dungeon |  81.1 |  81.1 |  -nan |  -nan |  62.6 | 1530.3
          Lair |  15.3 |  15.3 |  -nan |  -nan |  35.6 | 2610.0
       Ossuary |   3.7 |   3.7 |  -nan |  -nan |   1.8 | 538.0
               +-------+-------+-------+-------+-------+----------------------
